 Dungeon Sprint DCSS version 0.17-a0-1691-g18a3847 (webtiles) character file.

644 cmyster the Fighter (level 7, -14/88 HPs)
             Began as a Troll Fighter on Aug 20, 2015.
             Was an Initiate of Trog.
             Demolished by Sonja
             ... wielding a +0 short sword of distortion
              (18 damage)
             ... in the Dungeon (Sprint I: "Red Sonja").
             The game lasted 00:03:12 (342 turns).

cmyster the Fighter (Troll Fighter)                  Turns: 342, Time: 00:03:12

Health: -14/88     AC:  5    Str: 27    XL:     7   Next: 26%
Magic:  6/6        EV:  8    Int:  4    God:    Trog [......]
Gold:   304        SH:  9    Dex:  9    Spells: 0 memorised, 6 levels left

rFire  . . .     SeeInvis .       - Unarmed
rCold  . . .     Clarity  .     a - +0 robe
rNeg   . . .     SustAt   .     b - +0 shield
rPois  .         Gourm    +     (helmet restricted)
rElec  .         Spirit   .     (no cloak)
rCorr  .         Warding  .     (gloves unavailable)
rMut   .         NoTele   +     (boots unavailable)
MR     .....                    (no amulet)
Stlth  +.........               (no ring)
                                (no ring)

@: slowed, very slow, not resistant to hostile enchantments, very unstealthy
A: unfitting armour, claws 3, fast metabolism 3, gourmand, regeneration 2,
shaggy fur 1, tough skin 2
a: Burn Spellbooks, Renounce Religion


You were in the Dungeon.
You worshipped Trog.
Trog was noncommittal.
You were very full.

You visited 1 branch You collected 304 gold pieces.

Inventory:

Armour
 a - a +0 robe (worn)
 b - a +0 shield (worn)
Scrolls
 j - a scroll of blinking
Potions
 c - a potion of might
 g - a potion of haste
 h - 2 potions of magic
 i - a potion of berserk rage
 k - a potion of cancellation {unknown}
 l - a potion of mutation {unknown}
Comestibles
 d - 2 bread rations


   Skills:
 + Level 11.3 Fighting
 - Level 2.4 Dodging
 + Level 0.7 Stealth
 - Level 2.4 Shields
 + Level 8.8 Unarmed Combat


You had 6 spell levels left.
You didn't know any spells.

Dungeon Overview and Level Annotations

Branches:
Dungeon (1/1)

Altars:
Cheibriados
Dithmenos
Elyvilon
Fedhas
Gozag
Kikubaaqudgha
Makhleb
Nemelex Xobeh
Okawaru
Qazlal
Ru
Sif Muna
Trog
Vehumet
Xom
Yredelemnul
Zin
The Shining One
Jiyva

Shops:
D [

Annotations:
D Sonja


Innate Abilities, Weirdness & Mutations

You are too large for most types of armour.
You have claws for hands.
Your metabolism is lightning-fast.
You like to eat raw meat.
You heal very quickly.
You are covered in fur (AC +1).
You have very tough skin (AC +2).


Message History

* * * LOW HITPOINT WARNING * * *
You feel as though you will be slow longer.
Drink which item? (? for menu, Esc to quit)
You feel better.
You miss Sonja.
Sonja unwields an uncursed blowgun.
Sonja wields an uncursed short sword of distortion.
Its appearance distorts for a moment.
Sonja hits you with an uncursed short sword of distortion.
You block Sonja's attack. Sonja hits you but does no damage.
Space bends around you.
You scratch Sonja.
Sonja is lightly wounded.
Sonja hits you with an uncursed short sword of distortion.
Space warps horribly around you!
* * * LOW HITPOINT WARNING * * *
You block Sonja's attack. x2
Sonja hits you with an uncursed short sword of distortion.
* * * LOW HITPOINT WARNING * * *
Space warps horribly around you!
You die...

#..#####'#####'#__#
#..####..#...#)####
#..#__####..##.#
#..#_..__##'#K.+
#⌠⌠#_.∩...'..._#
####_..._##_(#+#
#_____###(#
#########K## +$.@+
#$.$# ##.## #+#


You could see Sonja.

Vanquished Creatures
  A slime creature (D)
  Sigmund (D)
  A yak (D)
  An ogre (D)
  A jelly (D)
  Ijyb (D)
6 creatures vanquished.

Vanquished Creatures (others)
  A gargoyle (D)
1 creature vanquished.

Grand Total: 7 creatures vanquished

Notes
Turn   | Place    | Note
--------------------------------------------------------------
     0 | D        | cmyster the Troll Fighter began the quest for the Orb.
     0 | D        | Reached XP level 1. HP: 22/22 MP: 0/0
     2 | D        | Noticed Ijyb
    16 | D        | Killed Ijyb
    16 | D        | Reached skill level 5 in Fighting
    16 | D        | Reached XP level 2. HP: 23/35 MP: 1/1
    26 | D        | Noticed an ogre
    32 | D        | Killed an ogre
    32 | D        | Reached skill level 7 in Fighting
    32 | D        | Reached skill level 5 in Unarmed Combat
    32 | D        | Reached XP level 3. HP: 14/46 MP: 2/2
    32 | D        | Reached XP level 4. HP: 16/55 MP: 3/3
   109 | D        | Noticed Sigmund
   111 | D        | Killed a gargoyle
   116 | D        | Killed Sigmund
   116 | D        | Reached skill level 9 in Fighting
   116 | D        | Reached XP level 5. HP: 60/67 MP: 4/4
   116 | D        | Reached XP level 6. HP: 68/76 MP: 5/5
   137 | D        | Found a snail-covered altar of Cheibriados.
   137 | D        | Found a viscous altar of Jiyva.
   137 | D        | Found a shadowy altar of Dithmenos.
   137 | D        | Found a blossoming altar of Fedhas.
   137 | D        | Noticed a slime creature
   148 | D        | Killed a slime creature
   148 | D        | Reached skill level 10 in Fighting
   256 | D        | Found a deep blue altar of Sif Muna.
   257 | D        | Noticed a jelly
   258 | D        | Found a radiant altar of Vehumet.
   262 | D        | Killed a jelly
   262 | D        | Reached XP level 7. HP: 82/87 MP: 6/6
   291 | D        | Found Dynoz's Armour Emporium.
   291 | D        | Found a white marble altar of Elyvilon.
   291 | D        | Found a stormy altar of Qazlal.
   291 | D        | Found a burning altar of Makhleb.
   291 | D        | Found a sacrificial altar of Ru.
   291 | D        | Found a basalt altar of Yredelemnul.
   291 | D        | Found a glowing golden altar of the Shining One.
   291 | D        | Found a sparkling altar of Nemelex Xobeh.
   291 | D        | Found a shimmering altar of Xom.
   291 | D        | Found an opulent altar of Gozag.
   291 | D        | Found an ancient bone altar of Kikubaaqudgha.
   291 | D        | Found a glowing silver altar of Zin.
   291 | D        | Noticed a yak
   299 | D        | Killed a yak
   299 | D        | Reached skill level 11 in Fighting
   300 | D        | Found an iron altar of Okawaru.
   318 | D        | Found a bloodstained altar of Trog.
   324 | D        | Became a worshipper of Trog the Wrathful
   334 | D        | Noticed Sonja
   342 | D        | HP: 4/88 [Sonja/uncursed short sword of distortion (5)]
   342 | D        | Demolished by Sonja

Vault maps used:
D:        dungeon_sprint_1

Action                   |  1- 3 |  4- 6 |  7- 9 || total
-------------------------+-------+-------+-------++-------
Melee: Unarmed           |    18 |    19 |    10 ||    47
  Use: Potion            |       |       |     2 ||     2
  Eat: Chunk             |     1 |     1 |     5 ||     7
